 Dungeon Crawl Stone Soup version 0.31-a0-662-g684573625c (webtiles) character file.

Game seed: 13542044781057637146

32 GigaChad the Changeling (level 3, 0/26 HPs)
             Began as a Human Shapeshifter on Sept 1, 2023.
             Slain by a dart slug (3 damage)
             ... on level 1 of the Dungeon.
             The game lasted 00:02:06 (937 turns).

GigaChad the Changeling (Human Shapeshifter)         Turns: 937, Time: 00:02:06

Health: 0/26       AC:  2    Str: 16    XL:     3   Next: 42%
Magic:  3/3        EV: 12    Int: 10    God:
Gold:   18         SH:  0    Dex: 12    Spells: 2/2 levels left

rFire   . .          .
                       - Unarmed
rCold   . . .        (no shield)
rNeg    + . .        a - +0 animal skin
rPois   +            (helmet currently unavailable)
rElec   .            (cloak currently unavailable)
rCorr   .            (gloves currently unavailable)
SInv    .            (boots currently unavailable)
Will    .....        (no amulet)
Stlth   +            f - ring of poison resistance
HPRegen 0.24/turn    g - ring of positive energy
MPRegen 0.08/turn

%: no passive effects
@: beast-form
A: beast (slay +1)
a: Begin Untransformation


You were on level 1 of the Dungeon.
You were a hulking beast.
You visited 1 branch of the dungeon, and saw 1 of its levels.

You collected 18 gold pieces.

Inventory:

Armour
 a - a +0 animal skin (worn)
Jewellery
 f - a ring of poison resistance (left hand)
 g - a ring of positive energy (right hand)
 h - a ring of protection from cold
Talismans
 c - a beast talisman (active)
 d - a flux talisman
Potions
 b - a potion of lignification
 e - a potion of curing {unknown}
 i - 2 potions of degeneration {unknown}


   Skills:
 * Level 1.1 Fighting
 * Level 2.4 Dodging
 + Level 0.1 Stealth
 * Level 3.3 Unarmed Combat
 * Level 3.4 Shapeshifting


You had 2 spell levels left.
You didn't know any spells.
Your spell library was empty.

Dungeon Overview and Level Annotations

Branches:
Dungeon (1/15)

Altars:

Shops:
D:1 !


Message History

You hit the goblin.
The goblin is moderately wounded.
The goblin hits you with a +0 club. The endoplasm closely misses you.
You barely miss the goblin.
The goblin is moderately wounded.
The endoplasm hits you. The goblin hits you with a +0 club.
You hit the goblin.
The goblin is severely wounded.
The goblin barely misses you. The endoplasm freezes you.
You are frozen.
You are too injured to fight recklessly!
You are too injured to fight recklessly!
You are too injured to fight recklessly!
You are too injured to fight recklessly!
You are too injured to fight recklessly!
You are too injured to fight recklessly!
You are too injured to fight recklessly!
You are too injured to fight recklessly!
You are too injured to fight recklessly!
You are too injured to fight recklessly!
Unknown command.
You are too injured to fight recklessly!
Unknown command.
You hit the endoplasm.
You kill the endoplasm!
The goblin hits you with a +0 club.
Unknown command.
Unknown command.
Found a stone staircase leading down.
The dart slug bites you. The goblin hits you with a +0 club.
* * * LOW HITPOINT WARNING * * *
The dart slug launches a dart at you. The slug dart hits you.
* * * LOW HITPOINT WARNING * * *
The goblin barely misses you.
Unknown command.
Unknown command.
The goblin barely misses you. The dart slug bites you.
You die...

###### #....# #....##
###.....###
#######..)......
#............. ####
#........##g##
...###........#)h.#...
...'.'......+...w......>.
...###....∩...#...#...#.#
...# ########.##.##.#....
...# ....... . ...
####### #.........# ##
...[..# ###########
......## .......#


You could see a dart slug and a goblin.

Vanquished Creatures
  A dart slug (D:1)
  2 ball pythons (D:1)
  2 bats (D:1)
  8 endoplasms (D:1)
  A goblin (D:1)
  2 hobgoblins (D:1)
  4 jackals (D:1)
  2 kobolds (D:1)
  A frilled lizard (D:1)
  A rat (D:1)
24 creatures vanquished.

Notes
Turn   | Place    | Note
-------+----------+-------------------------------------------
     0 | D:1      | GigaChad the Human Shapeshifter began the quest for the
                  | Orb.
     0 | D:1      | Reached XP level 1. HP: 15/15 MP: 1/1
   240 | D:1      | Reached XP level 2. HP: 16/21 MP: 2/2
   408 | D:1      | Found a faded altar of an unknown god.
   478 | D:1      | Reached XP level 3. HP: 6/26 MP: 3/3
   910 | D:1      | Found Yrois's Distillery.
   937 | D:1      | Slain by a dart slug

Illustrated notes

Levels and vault maps discovered:
D:1:      wander_arrival_abandoned_jail, layout_basic,
          dreamdust_ecumenical_altar_statues, serial_shops, shop, st_stairs_12,
          minmay_parallelograms, minmay_tromino_v4_b

Action                     || total
---------------------------++-------
  Melee: Unarmed           ||    67
         Punch             ||     1
   Stab: Sleeping          ||     1
 Armour: Animal skin       ||    63
  Dodge: Dodged            ||    68

Table legend: (Time is in decaauts)
 A = Elapsed time spent in this place.
 B = Non-inter-level travel time spent in this place.
 C = Inter-level travel time spent in this place.
 D = Time resting spent in this place.
 E = Time spent auto-exploring this place.
 F = Levels seen in this place.
 G = Mean time per level.
                   A        B        C        D        E       F      G
               +--------+--------+--------+--------+--------+-----+--------+
         Total |    932 |    932 |      0 |    292 |    485 |   1 |  932.0 |
       Dungeon |    932 |    932 |      0 |    292 |    485 |   1 |  932.0 |
               +--------+--------+--------+--------+--------+-----+--------+

Top non-repeatable levels by time:
     D:1: 932 daAuts
